 Dungeon Crawl Stone Soup version 0.21.0-24-g2553a33 (webtiles) character file.

189 Gorglomux the Sneak (level 5, -15/50 HPs)
             Began as a Naga Wanderer on Jan 19, 2018.
             Demolished by a two-headed ogre
             ... wielding a cursed -3 giant spiked club
              (21 damage)
             ... on level 3 of the Dungeon.
             The game lasted 00:06:19 (2874 turns).

Gorglomux the Sneak (Naga Wanderer)                 Turns: 2874, Time: 00:06:19

Health: -15/50     AC:  5    Str: 15    XL:     5   Next: 68%
Magic:  14/14      EV:  8    Int: 15    God:
Gold:   77         SH:  0    Dex:  8    Spells: 4/4 levels left

rFire    . . .     SeeInvis +   b - +0 short sword
rCold    . . .     Gourm    .   (no shield)
rNeg     . . .     Faith    .   U - +0 ring mail
rPois    +         Spirit   .   (no helmet)
rElec    .         Reflect  .   S - +0 cloak
rCorr    .         Harm     .   (no gloves)
MR       .....                  (no barding)
Stlth    ++........             (no amulet)
HPRegen  0.16/turn              V - ring of magical power
MPRegen  0.14/turn              (no ring)

@: very slow
A: large, see invisible, deformed body, poison resistance, slowness 2, slow
metabolism 1, spit poison 1, AC +1
a: Spit Poison


You were on level 3 of the Dungeon.
You were not hungry.

You visited 1 branch of the dungeon, and saw 3 of its levels.

You collected 77 gold pieces.

Inventory:

Hand Weapons
 b - a +0 short sword (weapon)
 L - a cursed +0 hand axe
 Y - a +0 spear
Armour
 S - a +0 cloak (worn)
 U - a +0 ring mail (worn)
Jewellery
 V - a ring of magical power (left hand)
Scrolls
 R - a scroll of identify
 T - a scroll of teleportation
 X - 2 scrolls of remove curse
Potions
 N - a potion of degeneration {unknown}
 P - a potion of magic {unknown}
 Q - a potion of curing {unknown}
 W - a potion of brilliance {unknown}
 Z - a potion of cancellation {unknown}
Books
 a - a book of Maledictions

   Spells                             Type                      Level
   a - Corona                         Hexes                        1
   b - Ensorcelled Hibernation        Hexes/Ice                    2
   c - Confuse                        Hexes                        3
   d - Tukima's Dance                 Hexes                        3
   e - Dazzling Spray                 Conjuration/Hexes            3
Comestibles
 f - 4 rations
 M - 2 chunks of flesh


   Skills:
 + Level 3.7 Fighting
 - Level 3.0 Short Blades
 - Level 1.0 Dodging
 - Level 6.1 Stealth
   Level 1.0 Shields
   Level 1.0 Hexes
   Level 2.0 Ice Magic


You had 4 spell levels left.
You didn't know any spells.

Dungeon Overview and Level Annotations

Branches:
Dungeon (3/15)

Altars:
Nemelex Xobeh


Innate Abilities, Weirdness & Mutations

You cannot wear boots.
Your serpentine skin is tough. (AC +1)
You have supernaturally acute eyesight. (SInv)
Armour fits poorly on your strangely shaped body.
Your system is resistant to poisons. (rPois)
You cover ground very slowly.
You have a slow metabolism.
You can spit poison.


Message History

The bat hits you but does no damage! The bat hits you but butts butt damage!
The bat barely misses you! The bat hits you!
The two-headed ogre hits you with a butt spiked club!!!!!!
DANG The two-headed ogre hits butt with a giant butt!!!!!! * * * don'butt die
* * *
As you read the scroll labeled AROVIU BUTT, it crumbles to dust!
It is a scroll of identify!
X - 2 butts of remove curse;
R - a scroll of identify;
S - a +0 cloak (butt)
The bat closely misses you!
Okay, then!
The bat barely misses you!
Unknown command!
Okay, then!
As you read the scroll labeled DUPAAT EJAMA, it crumbles to dust!
The creatures around you are filled with an inner flame!!!
It was a scroll of immolation!
The two-butt ogre closely misses you!
The two-headed ogre hits you with a giant club!!!!!! rip

#............#
#.........<..### #.#
#.........)..... #.#
#............# #.#
#..........<.+ #>#
#..!.........#### #.#
#........b....... #.#
#########O##.########.####
#@# ............. #.#
#######.####
#.###########.#
#.............#
###############


You could see a two-headed ogre (inner flame) and a bat (inner flame).

Vanquished Creatures
  The ghost of Nanban the Ducker, a weakling OpBe of Trog (D:3)
  Jessica (D:2)
  6 adders (D:2)
  An ooze (D:1)
  2 worms
  6 dart slugs
  An orc (D:3)
  2 ball pythons (D:1)
  4 bats
  6 goblins
  5 hobgoblins
  A quokka (D:2)
  5 frilled lizards
  6 kobolds
  7 rats
54 creatures vanquished.

Notes
Turn   | Place    | Note
-------+----------+-------------------------------------------
     0 | D:1      | Gorglomux the Naga Wanderer began the quest for the Orb.
     0 | D:1      | Gorglomux set off with: a book of Maledictions, a +0 short sword, a +0 robe, a ration, a scroll of teleportation
     0 | D:1      | Reached XP level 1. HP: 18/18 MP: 1/1
     4 | D:1      | Reached skill level 2 in Stealth
   123 | D:1      | Reached skill level 3 in Stealth
   123 | D:1      | Reached XP level 2. HP: 19/25 MP: 2/2
   238 | D:1      | Found a sparkling altar of Nemelex Xobeh.
   501 | D:1      | Reached skill level 4 in Stealth
  1071 | D:2      | Reached XP level 3. HP: 16/31 MP: 3/3
  1174 | D:2      | Reached skill level 5 in Stealth
  1774 | D:2      | Reached skill level 6 in Stealth
  1774 | D:2      | Reached XP level 4. HP: 36/38 MP: 4/4
  2060 | D:2      | Noticed Jessica
  2068 | D:2      | Killed Jessica
  2068 | D:2      | Reached XP level 5. HP: 46/46 MP: 5/5
  2285 | D:2      | Reached skill level 3 in Fighting
  2409 | D:3      | Noticed Nanban's ghost (weakling OpBe)
  2472 | D:3      | Killed Nanban's ghost
  2492 | D:3      | Noticed a two-headed ogre
  2874 | D:3      | Demolished by a two-headed ogre

Skill      XL: |  1  2  3  4  5 |
---------------+----------------+-----
Stealth        | 3 4 6 |  6.1
Fighting       | 2 3 |  3.7
Short Blades   | |  3.0
Dodging        | |  1.0
Shields        | |  1.0
Hexes          | |  1.0
Ice Magic      | |  2.0

Action                   |  1- 3 |  4- 6 || total
-------------------------+-------+-------++-------
Melee: Short sword       |    76 |    77 ||   153
 Abil: Spit Poison       |    17 |    18 ||    35
  Use: Scroll            |       |     2 ||     2
 Stab: Sleeping          |     2 |     1 ||     3
  Eat: Chunk             |     2 |     5 ||     7
Armor: Robe              |     2 |       ||     2
       Ring mail         |    22 |    28 ||    50
Dodge: Dodged            |    34 |    41 ||    75
